 Dungeon Crawl Stone Soup version 0.30-a0-634-g8abc85282e (webtiles) character file.

Game seed: 10967947393217129040

71 kae the Insei (level 4, -7/32 HPs)
             Began as a Demonspawn Transmuter on Jan 14, 2023.
             Killed by divine providence
             ... invoked by an orc priest
              (10 damage)
             ... on level 2 of the Dungeon.
             The game lasted 00:01:23 (1321 turns).

kae the Insei (Demonspawn Transmuter)               Turns: 1321, Time: 00:01:23

Health: -7/32      AC:  2    Str: 10    XL:     4   Next: 5%
Magic:  4/7        EV: 21    Int: 16    God:
Gold:   77         SH:  0    Dex: 19    Spells: 2/8 levels left

rFire   . . .      SeeInvis .      - Unarmed
rCold   . . .      Faith    +    (shield currently unavailable)
rNeg    . . .      Spirit   .    (body armour currently unavailable)
rPois   .          Reflect  .    (helmet currently unavailable)
rElec   .          Harm     .    (cloak currently unavailable)
rCorr   .          Rampage  .    (gloves currently unavailable)
Will    .....                    (boots currently unavailable)
Stlth   ++                       T - amulet of faith {!P}
HPRegen 0.25/turn                P - ring of poison resistance
MPRegen 0.10/turn                (no ring)

@: spider-form (expiring)
A: venomous fangs, tiny, repulsion field 1, ignite blood 2
a: End Transformation


You were on level 2 of the Dungeon.
You were a venomous arachnid creature.
You visited 1 branch of the dungeon, and saw 2 of its levels.

You collected 77 gold pieces.


Innate Abilities, Weirdness & Mutations

You are a venomous arachnid creature.
You have venomous fangs.
You are tiny and dextrous.
Your spellcasting is less reliable in this form.
Your armour is entirely melded.
You are incapable of wielding weapons or throwing items.
You are surrounded by a mild repulsion field. (EV +2)
Your demonic aura often causes spilled blood to erupt in flames.


   Skills:
 - Level 1.0 Fighting
 - Level 1.7 Dodging
 + Level 3.1 Unarmed Combat
 + Level 2.5 Spellcasting
 * Level 2.9 Transmutations
 * Level 1.1 Poison Magic


You had 2 spell levels left.
You knew the following spells:

 Your Spells              Type           Power      Damage    Failure   Level
a - Beastly Appendage     Tmut           22%        N/A       17%         1
b - Wereblood             Tmut           11%        N/A       22%         2
c - Spider Form           Tmut/Pois      8%         N/A       47%         3

Your spell library contained the following spells:

 Spells                   Type           Power      Damage    Failure   Level
 Ignite Poison            Fire/Tmut/Pois 6%         N/A       56%         3
 Kindle Blastsparks       Fire/Tloc/Air  4%         2d10      73%         3
 Ice Form                 Ice/Tmut       6%         N/A       87%         4
 Freezing Cloud           Conj/Ice/Air   1%         6-21      100%        5

Inventory:

Missiles
 c - 27 stones
 g - 6 poisoned darts
 h - 4 javelins
Armour
 a - a +1 robe (melded)
Jewellery
 P - a ring of poison resistance (left front pincers)
   (You found it on level 1 of the Dungeon)
 T - an amulet of faith (around neck) {!P}
   (You found it on level 1 of the Dungeon)
Scrolls
 i - a scroll of noise {unknown}
 j - a scroll of vulnerability {unknown}
Potions
 b - a potion of lignification {!q}
 d - a potion of haste {unknown}
 e - 3 potions of brilliance {unknown}
 f - a potion of invisibility {unknown}

Dungeon Overview and Level Annotations

Branches:
Dungeon (2/15) Zot: 10685

Altars:

Shops:
D:1

[ ....#.##.........#
....#.##.#.......#
##.......#.......#
.................#
###.#.############
......# #########
###...######.......#
###...........o#.#.#
#..#########s....#
#.###......oo#.###
#.##..~...~..#.#
####.#o.......... #
#....#oo.........
##.##.#o..........#
...##.##..~...~..##
##.##.###........#
#.##..#######


You could see an orc priest (extremely poisoned) and 2 orcs.


Message History

You closely miss the kobold. Your kick misses the kobold.
The kobold closely misses you.
You closely miss the kobold. You claw the kobold.
You kill the kobold!
No target in view!
No target in view!
Unknown command.
Okay, then.
c - 26 stones (gained 5)
c - 27 stones (gained 1)
Things that are here:
a +0 dagger; a kobold corpse Your transformation is almost over.
Your horns disappear.
Your talons disappear. 😎 MP[+1]
Your mp is fully restored (6).
An orc is nearby!
Unknown command.
An orc is nearby!
An orc is nearby!
The orc shouts!
You barely miss the orc.
The orc hits you with a +0 short sword. 😕 HP[-4]
You take 4 damage, and now have 22/26 hp.
Casting: Beastly Appendage (safe; 6% risk of failure)
Confirm with . or Enter, or press ? or * to list all spells.
You grow a pair of large bovine horns.
Your feet morph into talons.
The orc barely misses you. The orc closely misses you. 😕 MP[-1]
You lost 1 mp, and now have 5/6 mp.
You closely miss the orc. You headbutt the orc. The orc misses you.
You barely miss the orc. You claw the orc.
You kill the orc!
You have reached level 4!
You feel agile.
Your demonic ancestry asserts itself...
You begin to radiate repulsive energy. 😕 HP[+6]
You now have 32 max hp (+6).
You regained 6 hp, and now have 28/32 hp.
Your transformation is almost over.
Your horns disappear.
Your talons disappear.
Things that are here:
a +0 short sword; a +0 leather armour; an orc corpse Key pressed, stopping explore.
Found a stone staircase leading up. 😎 HP[+4] MP[+2]
Your hp is fully restored (32).
Your mp is fully restored (7).
The orc shouts!
Unknown command.
There are monsters nearby!
There are monsters nearby!
There are monsters nearby!
Casting: Beastly Appendage (safe; 6% risk of failure)
Confirm with . or Enter, or press ? or * to list all spells.
The spell is quite dangerous to miscast (26% risk of failure)!
Continue anyway? [Y]es or [N]o only, please.
The spell is quite dangerous to miscast (26% risk of failure)!
Continue anyway?
You turn into a venomous arachnid creature.
Your +1 robe melds into your body.
The orc priest invokes the aid of Beogh against you.
Pain shoots through your body! 😮 HP[-14] MP[-3]
You take 14 damage, and now have 18/32 hp.
MASSIVE DAMAGE!! (PAUSE)
You lost 3 mp, and now have 4/7 mp.
The orc priest misses you.
You hit the orc priest but do no damage.
The orc priest is poisoned.
Unknown command. 😮 HP[+1]
You hit the orc.
The orc is poisoned.
Your transformation is almost over.
You kill the orc!
The orc priest closely misses you.
The orc shouts! x2
The orc priest hits you with a +0 dagger.
Things that are here:
a +0 dagger; a +0 leather armour; 😮 HP[-2]
You take 2 damage, and now have 17/32 hp.
You hit the orc priest but do no damage.
The orc priest looks even sicker.
The orc priest misses you. The orc completely misses you.
Unknown command.
You barely miss the orc priest.
The orc priest calls down the wrath of Beogh upon you.
Beogh smites you!
* * * LOW HITPOINT WARNING * * *
The orc completely misses you.
You hit the orc priest but do no damage.
The orc completely misses you.
The orc priest completely misses you. 😱 HP[-14]
You take 14 damage, and now have 3/32 hp.
MASSIVE DAMAGE!! (PAUSE)
You hit the orc priest but do no damage.
The orc priest looks as sick as possible!
The orc closely misses you. The orc hits you but does no damage.
The orc priest invokes the aid of Beogh against you.
Beogh smites you!
You die...

Skill      XL: |  1  2  3 |
---------------+----------+-----
Transmutations | 2 |  2.9
Unarmed Combat | 3 |  3.1
Poison Magic   | 1 |  1.1
Fighting       | |  1.0
Dodging        | |  1.7
Spellcasting   | |  2.5

Action                   |  1- 3 |  4- 6 || total
-------------------------+-------+-------++-------
Melee: Unarmed           |   105 |     6 ||   111
       Kick              |    20 |       ||    20
       Headbutt          |    10 |       ||    10
 Cast: Beastly Appendage |    22 |       ||    22
       Spider Form       |     2 |     1 ||     3
       Wereblood         |     1 |       ||     1
  Use: Scroll            |     1 |       ||     1
Armor: Robe              |    21 |       ||    21
       Skin              |     1 |     1 ||     2
Dodge: Dodged            |    77 |     8 ||    85

Levels and vault maps discovered:
D:1:      dpeg_arrival_morbid_curiosity, layout_rooms,
          hellmonk_ecumenical_altar_leap_of_faith, serial_shops, shop,
          minmay_pentomino_s2
D:2:      cheibrodos_pilgrimage, layout_loops_cross, uniq_robin

Notes
Turn   | Place    | Note
-------+----------+-------------------------------------------
     0 | D:1      | kae the Demonspawn Transmuter began the quest for the Orb.
     0 | D:1      | Reached XP level 1. HP: 15/15 MP: 3/3
     0 | D:1      | magus.rc [v1.11.3]
    56 | D:1      | Reached skill level 2 in Transmutations
   121 | D:1      | Found a faded altar of an unknown god.
   160 | D:1      | Gained mutation: Your demonic aura sometimes causes spilled
                  | blood to erupt in flames. [demonic ancestry]
   160 | D:1      | Reached XP level 2. HP: 20/21 MP: 3/5
   253 | D:1      | Learned a level 2 spell: Wereblood
   287 | D:1      | Found Nypt's Antique Armour Boutique.
   748 | D:2      | Reached skill level 3 in Unarmed Combat
   748 | D:2      | Gained mutation: Your demonic aura often causes spilled
                  | blood to erupt in flames. [demonic ancestry]
   748 | D:2      | Reached XP level 3. HP: 26/26 MP: 4/6
   752 | D:2      | Learned a level 3 spell: Spider Form
   762 | D:2      | You add the spells Kindle Blastsparks, Ignite Poison and
                  | Freezing Cloud to your library.
  1065 | D:2      | Noticed Robin
  1113 | D:2      | Killed Robin
  1114 | D:2      | Reached skill level 1 in Poison Magic
  1265 | D:2      | Gained mutation: You are surrounded by a mild repulsion
                  | field. (EV +2) [demonic ancestry]
  1265 | D:2      | Reached XP level 4. HP: 28/32 MP: 5/7
  1319 | D:2      | HP: 3/32 [orc priest/divine providence (15)]
  1321 | D:2      | Killed from afar by an orc priest

Vanquished Creatures
  Robin (D:2)
  An adder (D:2)
  A dart slug (D:2)
  2 orcs (D:2)
  An endoplasm (D:2)
  A giant cockroach (D:2)
  13 goblins
  9 hobgoblins
  A ball python (D:1)
  A bat (D:1)
  A frilled lizard (D:1)
  6 kobolds
  6 rats
44 creatures vanquished.

Table legend:
 A = Non-vault XP
 B = Vault XP
 C = Vault XP percentage of total XP
 D = Non-vault monster count
 E = Vault monster count
 F = Vault count percentage of total count
                 A         B        C        D         E       F
            +---------+---------+-------+---------+---------+-------
      Total |      48 |      54 |  52.9 |      24 |      20 |  45.5
            +---------+---------+-------+---------+---------+-------
        D:1 |      18 |      11 |  37.9 |      14 |       6 |  30.0
        D:2 |      30 |      43 |  58.9 |      10 |      14 |  58.3
            +---------+---------+-------+---------+---------+-------

Illustrated notes

Table legend:
 A = Kills in this place as a percentage of kills in entire the game.
 B = Kills by you in this place as a percentage of kills by you in the entire game.
 C = Kills by friends in this place as a percentage of kills by friends in the entire game.
 D = Other kills in this place as a percentage of other kills in the entire game.
 E = Experience gained in this place as a percentage of experience gained in the entire game.
 F = Experience gained in this place divided by the number of levels of this place that you have seen.
                   A       B       C       D       E      F
               +-------+-------+-------+-------+-------+----------------------
         Total | 100.0 | 100.0 |   N/A |   N/A | 100.0 |  51.0
       Dungeon | 100.0 | 100.0 |   N/A |   N/A | 100.0 |  51.0
               +-------+-------+-------+-------+-------+----------------------

Table legend: (Time is in decaauts)
 A = Elapsed time spent in this place.
 B = Non-inter-level travel time spent in this place.
 C = Inter-level travel time spent in this place.
 D = Time resting spent in this place.
 E = Time spent auto-exploring this place.
 F = Levels seen in this place.
 G = Mean time per level.
                   A        B        C        D        E       F      G
               +--------+--------+--------+--------+--------+-----+--------+
         Total |   1313 |   1220 |     93 |      0 |    931 |   2 |  656.5 |
       Dungeon |   1313 |   1220 |     93 |      0 |    931 |   2 |  656.5 |
               +--------+--------+--------+--------+--------+-----+--------+

Top non-repeatable levels by time:
     D:1: 733 daAuts
     D:2: 580 daAuts
